 Dungeon Crawl Stone Soup version 0.31-a0-233-g139696dc86 (webtiles) character file.

Game seed: 2028155255936396886

67 Nietzsche the Chopper (level 3, 0/27 HPs)
             Began as a Demonspawn Gladiator on July 9, 2023.
             Slain by a gnoll
             ... wielding a +0 spear
              (3 damage)
             ... on level 3 of the Dungeon.
             The game lasted 00:03:40 (2029 turns).

Nietzsche the Chopper (Demonspawn Gladiator)        Turns: 2029, Time: 00:03:40

Health: 0/27       AC:  5    Str: 14    XL:     3   Next: 98%
Magic:  4/4        EV: 12    Int: 11    God:
Gold:   91         SH:  0    Dex: 14    Spells: 4/4 levels left

rFire   . . .        a - +0 war axe (venom)
rCold   . . .        (no shield)
rNeg    . . .        b - +0 leather armour
rPois   .            k - +1 helmet
rElec   .            (no cloak)
rCorr   .            (no gloves)
SInv    +            (no boots)
Will    .....        q - amulet of magic regeneration
Stlth   +            s - ring of see invisible
HPRegen 0.24/turn    (no ring)
MPRegen 0.49/turn

%: no passive effects
@: no status effects
A: claws 1
a: no special abilities


You were on level 3 of the Dungeon.
You visited 1 branch of the dungeon, and saw 3 of its levels.

You collected 91 gold pieces.

Inventory:

Hand Weapons
 a - a +0 war axe of venom (weapon)
 f - a +3 dagger
 j - a +0 rapier
Missiles
 d - 3 throwing nets (quivered)
 e - a javelin
Armour
 b - a +0 leather armour (worn)
 c - a +0 helmet
 k - a +1 helmet (worn)
Jewellery
 q - an amulet of magic regeneration (around neck)
 s - a ring of see invisible (left claw)
Scrolls
 h - a scroll of fog {unknown}
 i - a scroll of amnesia {unknown}
 l - a scroll of torment
 o - a scroll of poison {unknown}
 r - a scroll of blinking {unknown}
Potions
 m - a potion of degeneration


   Skills:
 + Level 2.2 Fighting
 + Level 3.4 Axes
 - Level 1.7 Throwing
 + Level 1.0 Armour
 + Level 3.1 Dodging
 + Level 0.1 Stealth
 * Level 1.0 Spellcasting


You had 4 spell levels left.
You didn't know any spells.
Your spell library contained the following spells:

 Spells                   Type           Power      Damage    Failure   Level
 Ignite Poison            Fire/Tmut/Pois 0%         N/A       75%         3
 Sticky Flame             Conj/Fire      0%         2d3       98%         4
 Ignition                 Fire           0%         3d3       100%        8


Dungeon Overview and Level Annotations

Branches:
Dungeon (3/15)

Altars:

Shops:
D:2 (


Innate Abilities, Weirdness & Mutations

You have sharp fingernails.


Message History

As you read the scroll of identify, it crumbles to dust.
n - a potion of curing
As you read the scroll labelled LEBOQIA OXKOSE, it crumbles to dust.
Your body is wracked with pain!
It was a scroll of torment.
There is a stone staircase leading down here.
Done exploring.
As you read the scroll labelled EDACEOXIKU, it crumbles to dust.
It is a scroll of brand weapon.
Your +0 war axe drips with poison.
a - a +0 war axe of venom (weapon)
You can't go up here!
You climb downwards.
The gnoll misses you. The gnoll barely misses you.
There is a stone staircase leading up, spattered with blood here.
You slash the gnoll!
The gnoll is severely wounded.
The gnoll hits you from afar with a +0 spear!
The gnoll hits you with a +0 spear.
You barely miss the gnoll.
The gnoll is severely wounded.
The gnoll hits you from afar with a +0 spear.
The gnoll hits you with a +0 spear.
* * * LOW HITPOINT WARNING * * *
The gnoll barely misses you. The gnoll closely misses you.
You hit the gnoll.
The gnoll is almost dead.
The gnoll hits you from afar with a +0 spear.
* * * LOW HITPOINT WARNING * * *
The gnoll hits you with a +0 spear.
* * * LOW HITPOINT WARNING * * *
You feel better.
The gnoll hits you from afar with a +0 spear.
* * * LOW HITPOINT WARNING * * *
The gnoll closely misses you.
You hit the gnoll but do no damage.
The gnoll is almost dead.
The gnoll hits you but does no damage. The gnoll hits you with a +0 spear.
* * * LOW HITPOINT WARNING * * *
Okay, then.
The gnoll hits you from afar with a +0 spear.
You die... ##.#.###### ......(gg@# ..##.######

You could see 2 gnolls.

Vanquished Creatures
  An adder (D:2)
  2 gnolls (D:3)
  4 ball pythons (D:2)
  3 endoplasms
  A giant cockroach (D:1)
  5 goblins
  3 hobgoblins (D:1)
  4 jackals (D:1)
  2 kobolds (D:2)
  2 quokkas (D:1)
  2 bats
  2 frilled lizards
  3 rats
34 creatures vanquished.

Notes
Turn   | Place    | Note
-------+----------+-------------------------------------------
     0 | D:1      | Nietzsche the Demonspawn Gladiator began the quest for the
                  | Orb.
     0 | D:1      | Reached XP level 1. HP: 16/16 MP: 1/1
   102 | D:1      | Found a faded altar of an unknown god.
   191 | D:1      | Gained mutation: You have sharp fingernails. [demonic
                  | ancestry]
   191 | D:1      | Reached XP level 2. HP: 22/22 MP: 2/2
   974 | D:2      | Reached XP level 3. HP: 12/27 MP: 2/4
  1664 | D:2      | Found Sierrara's Antique Weapon Shoppe.
  1802 | D:3      | Reached skill level 1 in Armour
  1802 | D:3      | Reached skill level 1 in Spellcasting
  2029 | D:3      | Slain by a gnoll

Illustrated notes

Levels and vault maps discovered:
D:1:      evilmike_arrival_hilbert_curve, layout_basic,
          shapermc_ecumenical_altar_venn, kennysheep_decorative_pillar,
          hangedman_decor_points, supply_closet_lemuel, minmay_misc_feat_iff
D:2:      layout_loops_ring, serial_shops, nicolae_shop_back_alley_shop
D:3:      layout_basic

Skill      XL: |  1  2  3 |
---------------+----------+-----
Dodging        | 3 |  3.1
Axes           | 3 |  3.4
Armour         | 1 |  1.0
Spellcasting   | 1 |  1.0
Fighting       | |  2.2
Throwing       | |  1.7
Stealth        | |  0.1

Action                     || total
---------------------------++-------
  Melee: War axe           ||    92
    Use: Scroll            ||     4
         Potion            ||     1
   Stab: Sleeping          ||     1
 Armour: Leather armour    ||    42
  Dodge: Dodged            ||    81

Table legend: (Time is in decaauts)
 A = Elapsed time spent in this place.
 B = Non-inter-level travel time spent in this place.
 C = Inter-level travel time spent in this place.
 D = Time resting spent in this place.
 E = Time spent auto-exploring this place.
 F = Levels seen in this place.
 G = Mean time per level.
                   A        B        C        D        E       F      G
               +--------+--------+--------+--------+--------+-----+--------+
         Total |   2062 |   1923 |    139 |      0 |   1598 |   3 |  687.3 |
       Dungeon |   2062 |   1923 |    139 |      0 |   1598 |   3 |  687.3 |
               +--------+--------+--------+--------+--------+-----+--------+

Top non-repeatable levels by time:
     D:2: 1055 daAuts
     D:1: 972 daAuts
     D:3: 34 daAuts
